 Dungeon Crawl Stone Soup version 0.30-a0-800-g7c544603b3 (webtiles) character file.

Game seed: 15087234593710179249

9573 jlumianski the Cleaver (level 11, -8/84 HPs)
             Began as a Demonspawn Fighter on Feb 22, 2023.
             Was a Priest of Qazlal.
             Mangled by an ice devil (22 damage)
             ... summoned by a kobold demonologist
             ... on level 9 of the Dungeon.
             The game lasted 00:44:21 (7935 turns).

jlumianski the Cleaver (Demonspawn Fighter)         Turns: 7935, Time: 00:44:22

Health: -8/84      AC: 24    Str: 24      XL:     11   Next: 24%
Magic:  16/16      EV:  7    Int: 15      God:    Qazlal [***...]
Gold:   564        SH: 19    Dex: 11 (12) Spells: 10/10 levels left

rFire   . . .      SeeInvis +    a - +0 war axe
rCold   . . .      Faith    .    x - +0 kite shield
rNeg    . . .      Spirit   .    N - +8 chain mail "Dojew" {rElec Will+ Str+4}
rPois   .          Reflect  +    (helmet restricted)
rElec   +          Harm     .    D - +0 cloak
rCorr   +          Rampage  .    v - +2 pair of gloves
Will    +....                    h - +0 pair of boots of Celodgh {rElec Regen+ rCorr} Stlth
                                 d - amulet of reflection
HPRegen 2.14/turn                m - ring of flight
MPRegen 0.15/turn                H - ring of see invisible

@: lethally poisoned (-8 -> -8), flying, slowed, very slow
A: antennae 2, demonic guardian 2, powered by death 1, big brain 2
a: Renounce Religion, Upheaval, Elemental Force


You were on level 9 of the Dungeon.
You worshipped Qazlal.
Qazlal was most pleased with you.
You visited 2 branches of the dungeon, and saw 10 of its levels.

You collected 654 gold pieces.
You spent 90 gold pieces at shops.

Inventory:

Hand Weapons
 a - a +0 war axe (weapon)
 b - a +1 scimitar of flaming
Missiles
 o - 4 atropa-tipped darts
 C - 29 poisoned darts (quivered)
 G - 3 javelins
 L - a boomerang
Armour
 h - the +0 pair of boots of Celodgh (worn) {rElec Regen+ rCorr}
   (You acquired it on level 4 of the Dungeon)

   rElec:     It insulates you from electricity.
   Regen:     It increases your rate of health regeneration.
   rCorr:     It protects you from acid and corrosion.
 v - a +2 pair of gloves (worn)
 x - a +0 kite shield (worn)
 D - a +0 cloak (worn)
 N - the +8 chain mail "Dojew" (worn) {rElec Will+ Str+4}
   (You found it on level 8 of the Dungeon)

   Str:       It affects your strength (+4).
   rElec:     It insulates you from electricity.
   Will:      It increases your willpower.
Jewellery
 d - an amulet of reflection (around neck)
 m - a ring of flight (left hand)
 H - a ring of see invisible (right hand)
 M - a ring of protection from cold
 O - a ring of resist corrosion
Wands
 t - a wand of polymorph (20)
 F - a wand of charming (18)
Scrolls
 c - a scroll of silence {unknown}
 u - a scroll of poison
 w - a scroll of magic mapping {unknown}
 z - a scroll of fear
 A - a scroll of enchant armour {unknown}
 B - a scroll of fog
 E - 2 scrolls of amnesia
 I - a scroll of blinking {unknown}
 P - a scroll of torment {unknown}
Potions
 e - 3 potions of heal wounds
 j - a potion of berserk rage
 k - a potion of cancellation
 p - 3 potions of attraction
 s - 5 potions of curing
 K - a potion of flight


   Skills:
 * Level 7.4 Fighting
 + Level 9.8 Axes
 + Level 2.3 Throwing
 + Level 7.5 Armour
 + Level 1.6 Dodging
 + Level 0.4 Stealth
 + Level 7.4 Shields
 * Level 7.3 Invocations


You had 10 spell levels left.
You didn't know any spells.
Your spell library contained the following spells:

 Spells                   Type           Power      Damage    Failure   Level
 Scorch                   Fire           0%         2d5       99%         2
 Flame Wave               Conj/Fire      0%         2d4       100%        4
 Summon Lightning Spire   Summ/Air       0%         N/A       100%        4
 Summon Forest            Summ/Tloc      0%         N/A       100%        5
 Summon Mana Viper        Hex/Summ       0%         N/A       100%        5
 Summon Cactus Giant      Summ           0%         N/A       100%        6
 Storm Form               Tmut/Air       0%         N/A       100%        7
 Maxwell's Capacitive Co  Air            0%         ∞         100%        8


Dungeon Overview and Level Annotations

Branches:
Dungeon (9/15)             Temple (1/1) D:5            Lair (0/5) D:9
    Orc: D:9-12

Altars:
Ashenzari
Cheibriados
Dithmenos
Fedhas
Gozag
Hepliaklqana
Kikubaaqudgha
Okawaru
Qazlal
Ru
Sif Muna
Trog
Uskayaw
Vehumet
Yredelemnul

Shops:
D:9 =(

Annotations:
D:4 1 runed translucent door


Innate Abilities, Weirdness & Mutations

You have a pair of antennae on your head.
A demonic guardian rushes to your aid.
You regenerate a little health from kills.
You have an extremely huge brain. (Int +4)


Message History

You hit the kobold.
You kill the kobold!
Qazlal accepts your kill.
You closely miss the ice devil.
You feel very sick.
You block the kobold demonologist's attack.
You block the kobold brigand's attack. The ice devil closely misses you.
The kobold brigand hits you but does no damage.
You block the kobold demonologist's attack.
The kobold barely misses you. The kobold brigand barely misses you.
The ice devil closely misses you.
You hit the kobold demonologist.
The kobold demonologist is severely wounded.
You hit the ice devil. You slash the kobold brigand!
You hit the kobold brigand. You slash the kobold!
You kill the kobold!
Qazlal accepts your kill.
You feel sick. The kobold brigand barely misses you.
You block the kobold demonologist's attack.
You block the kobold brigand's attack. The ice devil hits you!
A demonic guardian appears!
The ice devil freezes you!
* * * LOW HITPOINT WARNING * * *
The kobold brigand hits you but does no damage.
You block the kobold brigand's attack.
The kobold demonologist looks satisfied for a moment.
The ice devil hits you but does no damage.
You barely miss the kobold demonologist.
The kobold demonologist is severely wounded.
You barely miss the kobold brigand. You hit the ice devil.
You hit the kobold brigand but do no damage.
You feel sick. You block the kobold brigand's attack.
You block the kobold demonologist's attack.
The kobold brigand hits you but does no damage.
A kobold demonologist comes into view. It is wielding a +0 dagger.
Your orange demon stings the kobold brigand.
Your orange demon hits the kobold brigand.
The kobold brigand looks weaker.
The ice devil hits you.
* * * LOW HITPOINT WARNING * * *
The ice devil freezes you!!
You die...

########################
....................^...
.....4KK#...# #..#...#..
##..#.K@4...###......#.#
.∩....).☼.............##
...K######.###.....####.
... #..##.....#.#.# .
.8.##.##..#....
######.....#####
{################
{#..........'....
#..........#....


You could see an ice devil (summoned), 2 kobold demonologists, 2 kobold brigands
and a friendly orange demon (summoned).

Vanquished Creatures
  Pikel (D:9)
  Maggie (D:7)
  A kobold demonologist (D:9)
  A troll (D:6)
  2 wyverns (D:8)
  11 yaks
  2 fire bats (D:9)
  A basilisk (D:9)
  A steam dragon (D:6)
  Edmund (D:6)
  6 water moccasins
  A hell hound (D:9)
  3 orc warriors
  An ice beast (D:7)
  An ogre (D:5)
  A sky beast (D:6)
  5 centaurs
  4 lemures (D:9)
  A phantom (D:4)
  3 kobold brigands
  5 bullfrogs
  A necrophage (Temple)
  4 scorpions
  4 wights
  9 killer bees
  A howler monkey (D:3)
  2 lava snakes (D:9)
  2 hounds (D:6)
  7 jellies
  Crazy Yiuf (D:6)
  6 orc priests
  Terence (D:2)
  Jessica (D:3)
  4 iguanas
  8 orc wizards
  4 gnolls
  A river rat (D:4)
  7 adders
  A shadow imp (D:8)
  2 white imps
  An ufetubus (D:5)
  2 dart slugs
  24 orcs
  5 bats
  12 endoplasms
  3 giant cockroaches
  6 hobgoblins
  2 jackals (D:1)
  24 kobolds
  3 quokkas
  4 ball pythons
  2 frilled lizards (D:3)
  7 goblins
  2 rats
  A bush (D:9)
  2 fire vortices (D:9)
219 creatures vanquished.

Vanquished Creatures (collateral kills)
  Erica (D:9)
  A two-headed ogre (D:9)
  2 fire bats (D:9)
  A shadow imp (D:5)
5 creatures vanquished.

Vanquished Creatures (others)
  A wizard (D:8)
  An orc wizard (D:6)
  A fire vortex (D:9)
  A fungus (D:9)
  15 plants (D:9)
19 creatures vanquished.

Grand Total: 243 creatures vanquished

Notes
Turn   | Place    | Note
-------+----------+-------------------------------------------
     0 | D:1      | jlumianski the Demonspawn Fighter began the quest for the
                  | Orb.
     0 | D:1      | Reached XP level 1. HP: 18/18 MP: 1/1
   216 | D:1      | Gained mutation: You have a pair of small antennae on your
                  | head. [demonic ancestry]
   216 | D:1      | Reached XP level 2. HP: 23/24 MP: 2/2
   256 | D:1      | Reached skill level 2 in Axes
   960 | D:2      | Gained mutation: You have an unusually large brain. (Int
                  | +2) [demonic ancestry]
   960 | D:2      | Reached XP level 3. HP: 29/29 MP: 3/3
   977 | D:2      | Noticed Terence
  1032 | D:2      | Killed Terence
  1488 | D:2      | Reached XP level 4. HP: 6/35 MP: 4/4
  1804 | D:3      | Reached skill level 3 in Axes
  1850 | D:3      | Gained mutation: You regenerate a little health from kills.
                  | [demonic ancestry]
  1850 | D:3      | Reached XP level 5. HP: 29/41 MP: 5/5
  1933 | D:3      | Noticed Jessica
  1942 | D:3      | Killed Jessica
  2697 | D:4      | Reached skill level 4 in Axes
  2762 | D:4      | Identified a scroll of acquirement
  2762 | D:4      | Acquired the +0 pair of boots of Celodgh {rElec Regen+
                  | rCorr}
  2775 | D:4      | Identified the +1 leather armour of the Echidna {*Slow
                  | rElec Regen+}
  2782 | D:4      | Reached XP level 6. HP: 48/48 MP: 6/6
  3149 | D:4      | Reached skill level 1 in Throwing
  3247 | D:4      | Noticed a human
  3248 | D:4      | Found a runed translucent door.
  3252 | D:4      | Found a basalt altar of Yredelemnul.
  3638 | D:5      | Entered Level 5 of the Dungeon
  3688 | D:5      | Found a staircase to the Ecumenical Temple.
  3711 | Temple   | Entered the Ecumenical Temple
  3721 | Temple   | Gained mutation: A weak demonic guardian rushes to your
                  | aid. [demonic ancestry]
  3721 | Temple   | Reached XP level 7. HP: 43/54 MP: 7/7
  3760 | Temple   | Became a worshipper of Qazlal Stormbringer
  3808 | D:5      | Reached skill level 5 in Axes
  4063 | D:5      | Reached skill level 5 in Armour
  4296 | D:5      | Reached XP level 8. HP: 53/61 MP: 8/8
  4494 | D:6      | Noticed a troll
  4506 | D:6      | Killed a troll
  4568 | D:6      | Noticed Edmund
  4610 | D:6      | Killed Edmund
  4611 | D:6      | Reached skill level 6 in Axes
  4880 | D:6      | Reached * piety under Qazlal
  4884 | D:6      | Reached skill level 5 in Fighting
  4906 | D:6      | Reached skill level 1 in Invocations
  5147 | D:6      | Gained mutation: You have a pair of antennae on your head.
                  | [demonic ancestry]
  5147 | D:6      | Reached XP level 9. HP: 68/68 MP: 8/10
  5181 | D:6      | Found a hide-covered altar of Uskayaw.
  5188 | D:6      | Found a snail-covered altar of Cheibriados.
  5199 | D:6      | Found a sacrificial altar of Ru.
  5209 | D:6      | Found a blossoming altar of Fedhas.
  5217 | D:6      | Found a shimmering blue altar of Sif Muna.
  5225 | D:6      | Found an ancient bone altar of Kikubaaqudgha.
  5230 | D:6      | Found an iron altar of Okawaru.
  5430 | D:6      | Found a runed translucent door.
  5431 | D:6      | Noticed Crazy Yiuf
  5612 | D:6      | Killed Crazy Yiuf
  5822 | D:7      | Noticed Maggie
  5825 | D:7      | Reached skill level 7 in Axes
  5837 | D:7      | Killed Maggie
  5838 | D:7      | Reached skill level 1 in Dodging
  5953 | D:7      | Reached skill level 5 in Shields
  6086 | D:7      | Reached ** piety under Qazlal
  6102 | D:7      | Found a broken altar of Ashenzari.
  6536 | D:8      | Reached skill level 8 in Axes
  6717 | D:8      | Gained mutation: You have an extremely huge brain. (Int +4)
                  | [demonic ancestry]
  6717 | D:8      | Reached XP level 10. HP: 76/76 MP: 13/13
  6723 | D:8      | Identified the +8 chain mail "Dojew" {rElec Will+ Str+4}
  6741 | D:8      | Found Zin's Purification Station.
  6757 | D:8      | Bought a potion of curing for 90 gold pieces
  6766 | D:8      | Found a bloodstained altar of Trog.
  6767 | D:8      | Noticed a wizard
  6772 | D:8      | Killed a wizard
  7116 | D:9      | Found Oxtit's Weapon Emporium.
  7199 | D:8      | Reached skill level 5 in Invocations
  7210 | D:8      | Reached *** piety under Qazlal
  7298 | D:9      | Found a staircase to the Lair.
  7349 | D:9      | Noticed Erica
  7356 | D:9      | Killed Erica
  7357 | D:9      | Reached skill level 9 in Axes
  7564 | D:9      | Noticed Pikel
  7590 | D:9      | Killed Pikel
  7692 | D:9      | Gained mutation: A demonic guardian rushes to your aid.
                  | [demonic ancestry]
  7692 | D:9      | Reached XP level 11. HP: 69/84 MP: 16/16
  7767 | D:9      | Noticed a two-headed ogre
  7776 | D:9      | Killed a two-headed ogre
  7911 | D:9      | Found Motomoid's Jewellery Shop.
  7935 | D:9      | Mangled by an ice devil

Illustrated notes

Levels and vault maps discovered:
D:1:      wander_arrival_chamber, layout_basic, chequers_avenue, minivault_27
D:2:      layout_rooms, amcnicky_mini_corridor_feature, grunt_decor_clamped,
          cheibrodos_gnoll_hut, uniq_terence
D:3:      layout_basic, uniq_jessica
D:4:      minmay_chambers_of_threes, layout_loops_ring, dk_yredelemnul_ordeal,
          gup_sewer_entry_bowl
D:5:      layout_gridville, minmay_temple_entry_steel_oval
D:6:      layout_loops_ring, grunt_temple_overflow_octagram, item_on_display_a,
          uniq_edmund, uniq_crazy_yiuf_cottage
D:7:      layout_rooms, nicolae_elyvilon_peaceful_grove,
          mainiacjoe_overflow_alcove_1, uniq_maggie
D:8:      layout_rooms, zin_purify, trog_wizard, serial_aquarium,
          aquarium_bridge_square [aquarium_subvault_bridge,
          aquarium_subvault_bridge, aquarium_subvault_window,
          aquarium_subvault_window], aquarium_window_1, aquarium_window_fake,
          aquarium_view_2b, aquarium_view_2f, aquarium_pool_side
D:9:      layout_stronghold, minmay_lair_entry_grove, serial_shops, shop_statue,
          nicolae_shop_bloodbath_and_beyond, shop, amethyst_killhole,
          kennysheep_flooded_box, eino_tiny_chamber, hangedman_incinerator,
          uniq_erica, uniq_pikel
Temple:   dpeg_three_leaves_temple

Skill      XL: |  1  2  3  4  5  6  7  8  9 10 11 |
---------------+----------------------------------+-----
Axes           | 2 3 4 5 6 8 9 |  9.8
Armour         | 3 4 5 6 7 |  7.5
Shields        | 3 4 6 7 |  7.4
Throwing       | 1 2 |  2.3
Fighting       | 4 5 6 7 |  7.4
Invocations    | 1 4 6 7 |  7.3
Dodging        | 1 |  1.6
Stealth        | |  0.4

Action                     |  1- 3 |  4- 6 |  7- 9 | 10-12 || total
---------------------------+-------+-------+-------+-------++-------
  Melee: War axe           |    92 |   164 |   481 |   221 ||   958
  Throw: Stone             |     5 |    23 |    22 |       ||    50
         Dart              |       |       |     4 |     5 ||     9
         Javelin           |       |       |     6 |       ||     6
 Invoke: Elemental Force   |       |       |       |     1 ||     1
    Use: Scroll            |     3 |     8 |     3 |     4 ||    18
         Potion            |       |     1 |     1 |       ||     2
   Stab: Distracted        |       |       |       |     1 ||     1
 Armour: Scale mail        |    38 |       |       |       ||    38
         Chain mail        |    13 |    79 |    42 |   125 ||   259
         Plate armour      |       |       |   246 |       ||   246
  Dodge: Dodged            |    42 |    59 |    97 |    52 ||   250
  Block: Buckler           |    25 |    34 |     6 |       ||    65
         Kite shield       |       |       |   372 |   263 ||   635
         Reflection        |       |       |     6 |     9 ||    15

Table legend: (Time is in decaauts)
 A = Elapsed time spent in this place.
 B = Non-inter-level travel time spent in this place.
 C = Inter-level travel time spent in this place.
 D = Time resting spent in this place.
 E = Time spent auto-exploring this place.
 F = Levels seen in this place.
 G = Mean time per level.
                   A        B        C        D        E       F      G
               +--------+--------+--------+--------+--------+-----+--------+
         Total |   8259 |   8022 |    237 |    432 |   4607 |  10 |  825.9 |
       Dungeon |   8187 |   7950 |    237 |    432 |   4595 |   9 |  909.7 |
        Temple |     71 |     71 |      0 |      0 |     12 |   1 |   71.0 |
               +--------+--------+--------+--------+--------+-----+--------+

Top non-repeatable levels by time:
     D:6: 1268 daAuts
     D:1: 1078 daAuts
     D:3: 995 daAuts
     D:4: 969 daAuts
     D:7: 834 daAuts
     D:5: 800 daAuts
     D:8: 761 daAuts
     D:9: 756 daAuts
     D:2: 722 daAuts
  Temple: 71 daAuts
